 Dungeon Crawl Stone Soup version bcrawl-1.40.3b (webtiles) character file.

Game seed: 17192924411187178181

404988 rumpelstilzz the Chucker (level 10, -8/100 HPs)
             Began as a Troll Hunter on Jan 15, 2024.
             Was a Believer of Fedhas.
             Mangled by a troll (shapeshifter) (11 damage)
             ... on level 8 of the Dungeon.
             The game lasted 00:25:50 (5996 turns).

rumpelstilzz the Chucker (Troll Hunter)             Turns: 5996, Time: 00:25:50

Health: -8/100     AC:  9    Str: 27    XL:     10   Next: 29%
Magic:  9/9        EV: 12    Int: 11    God:    Fedhas [**....]
Gold:   574        SH:  0    Dex: 10    Spells: 9/9 levels left

rFire    . . .     GDR:     26% a - +2 giant spiked club
rCold    . . .     SeeInvis .   (shield currently unavailable)
rNeg     . . .     Gourm    +   (armour unavailable)
rPois    .         Faith    .   (helmet restricted)
rElec    +         Spirit   .   x - +0 cloak
rCorr    .         Reflect  .   (gloves unavailable)
MR       .....                  (boots unavailable)
Stlth    +.........             (no amulet)
HPRegen  0.66/turn              t - +5 ring of strength
MPRegen  0.11/turn              u - ring of insulation

@: no status effects
A: large, almost no armour, claws 3, fast metabolism 3, gourmand, regeneration
1, AC +8
a: Fungal Bloom, Sunlight, Evolution, Renounce Religion


You were on level 8 of the Dungeon.
You worshipped Fedhas.
Fedhas was pleased with you.
You were full.

You visited 1 branch of the dungeon, and saw 8 of its levels.

You collected 574 gold pieces.

Inventory:

Hand Weapons
 a - a +2 giant spiked club (weapon)
Missiles
 b - 39 large rocks (quivered)
 c - 2 throwing nets {=f}
 f - 138 poisoned tomahawks
 g - 2529 stones
Armour
 x - a +0 cloak (worn)
Jewellery
 t - a +5 ring of strength (left claw)
 u - a ring of insulation (right claw)
 w - a cursed ring of fire {unknown}
 y - an uncursed ring of stealth {unknown}
Wands
 l - a wand of digging (10)
 p - a wand of polymorph (4)
Scrolls
 d - 2 scrolls of fog
 j - a scroll of revelation
 q - 2 scrolls of blinking
 r - 6 scrolls of remove curse
 C - a scroll of amnesia
Potions
 h - 3 potions of curing
 k - 7 potions of heal wounds
 m - 4 potions of flight
 n - a potion of cancellation
 o - a potion of resistance
 s - a potion of brilliance
 z - a potion of agility
 A - a potion of berserk rage
Comestibles
 e - 9 rations {!d}


   Skills:
 * Level 6.3 Fighting
 + Level 6.1 Maces & Flails
 * Level 7.8 Throwing
 * Level 6.5 Dodging
 - Level 0.5 Stealth
 + Level 4.7 Unarmed Combat


You had 9 spell levels left.
You didn't know any spells.
Your spell library contained the following spells:

 Spells                   Type           Power        Failure   Level  Hunger
 Necrotize                Necr           #.....       34%         1    None
 Vampiric Draining        Necr           #.........   71%         3    #####..
 Agony                    Necr           #.......     98%         4    ######.
 Animate Dead             Necr           N/A          98%         4    ######.
 Dispel Undead            Necr           #.......     100%        5    #######


Dungeon Overview and Level Annotations

Branches:
Dungeon (8/12)             Temple (0/1) D:7            Lair (0/6) D:8
    Orc: D:8-11

Altars:
Dithmenos
Fedhas
Lugonu
Okawaru
Qazlal
Ru
Trog
Uskayaw
Vehumet
Xom
Yredelemnul

Shops:
D:7 (

Portals:
Trove: D:8 (show slimy rune of Zot)

Annotations:
D:4 2 transporters, merbi's ghost, amateur HOFi


Innate Abilities, Weirdness & Mutations

You cannot wear most types of armour.
Your thick skin is tough. (AC +8)
You are too large for most types of armour.
You have claws for hands.
Your metabolism is lightning-fast.
You like to eat raw meat.
Your natural rate of healing is unusually fast.


Message History

You bludgeon the troll!!
The troll is severely wounded.
The troll bites you. The troll claws you. x2
* * * LOW HITPOINT WARNING * * *
The troll bites you!
* * * LOW HITPOINT WARNING * * *
The troll claws you!
* * * LOW HITPOINT WARNING * * *
The troll barely misses you.
Throwing (i - inventory. (/) - cycle)
b - 40 large rocks (quivered)
Press: ? - help, Shift-Dir - straight line, f/p - troll
Aim: a troll (severely wounded)
You throw a large rock.
The large rock hits the troll but does no damage.
The troll is severely wounded.
The troll bites you.
* * * LOW HITPOINT WARNING * * *
The troll claws you!
You die...
Fedhas appreciates your contribution to the ecosystem.

# ^. .# # #. #.# ###
#.###.###########..
###..##.#............
#.....#...########.∩.
#..........## #...
#...T..###..# #...
#...@..%.##.#########
#######..ff..........
##.###..####### #.#
##........ #.#
#######.. #...# #.#
###.. ####..
###.####.....
............


You could see a troll and 2 friendly wandering mushrooms.

Vanquished Creatures
  A two-headed ogre (D:8)
  A komodo dragon (D:8)
  A hornet (D:8)
  A hippogriff (D:5)
  Eustachio (D:4)
  Menkaure (D:4)
  A crocodile (D:8)
  A black bear (D:8)
  3 sky beasts
  An ogre (D:6)
  A bullfrog (D:8)
  Blork the orc (D:4)
  3 centaurs
  A wyvern skeleton (D:6)
  A water moccasin skeleton (D:3)
  A scorpion (D:4)
  An orc priest (D:5)
  A crimson imp (D:6)
  A bullfrog zombie (D:5)
  A hound (D:4)
  2 jellies
  A bullfrog skeleton (D:5)
  3 orc wizards
  Natasha (thrice) (D:4)
  Terence (D:3)
  2 iguanas
  A worker ant (D:6)
  2 hound skeletons
  Robin (D:3)
  A worker ant zombie (D:5)
  3 gnolls (D:4)
  10 adders
  An ooze (D:2)
  An adder skeleton (D:4)
  6 worms
  5 dart slugs
  6 leopard geckos
  13 orcs
  A ball python (D:2)
  3 bats (D:2)
  4 giant cockroaches
  6 goblins
  8 hobgoblins
  13 jackals
  13 kobolds
  3 quokkas
  6 frilled lizards
  2 gnoll zombies (D:3)
  A jackal skeleton (D:4)
  7 rats
153 creatures vanquished.

Vanquished Creatures (others)
  A two-headed ogre (D:8)
  2 hippogriffs (D:6)
  A hungry ghost (D:7)
  A black bear (D:8)
  A phantom (D:6)
  An ogre (D:6)
  2 bullfrogs
  2 scorpions
  An iguana (D:5)
  3 adders
  A shadow imp (D:5)
  An orc (D:6)
  A wandering mushroom (D:8)
  A plant (D:8)
  82 toadstools
101 creatures vanquished.

Grand Total: 254 creatures vanquished

Notes
Turn   | Place    | Note
-------+----------+-------------------------------------------
     0 | D:1      | rumpelstilzz the Troll Hunter began the quest for the Orb.
     0 | D:1      | Reached XP level 1. HP: 19/19 MP: 0/0
    90 | D:1      | Reached skill level 4 in Throwing
    90 | D:1      | Reached XP level 2. HP: 27/27 MP: 1/1
   319 | D:1      | Reached XP level 3. HP: 35/35 MP: 2/2
  1045 | D:2      | Reached skill level 1 in Maces & Flails
  1152 | D:2      | Found a blossoming altar of Fedhas.
  1152 | D:2      | Found a radiant altar of Vehumet.
  1179 | D:2      | Found a sacrificial altar of Ru.
  1180 | D:2      | Found a shadowy altar of Dithmenos.
  1208 | D:2      | Became a worshipper of Fedhas Madash
  1411 | D:2      | Gained mutation: Your natural rate of healing is unusually
                  | fast. [Troll growth]
  1411 | D:2      | Reached XP level 4. HP: 37/42 MP: 3/3
  1775 | D:3      | Noticed Terence
  1782 | D:3      | Killed Terence
  1783 | D:3      | Reached XP level 5. HP: 31/49 MP: 4/4
  1872 | D:3      | Found a stormy altar of Qazlal.
  1919 | D:3      | Reached * piety under Fedhas
  1951 | D:3      | Reached XP level 6. HP: 57/57 MP: 5/5
  1954 | D:3      | Found a faded altar of an unknown god.
  2019 | D:3      | Noticed Robin
  2024 | D:3      | Killed Robin
  2265 | D:3      | Found a basalt altar of Yredelemnul.
  2403 | D:4      | Found a transporter.
  2455 | D:4      | Noticed Natasha
  2458 | D:4      | Reached skill level 1 in Unarmed Combat
  2459 | D:4      | Found a transporter.
  2459 | D:4      | Noticed merbi's ghost (amateur HOFi)
  2463 | D:4      | Killed Natasha
  2607 | D:4      | Noticed Natasha
  2612 | D:4      | Killed Natasha
  2639 | D:4      | Reached ** piety under Fedhas
  2730 | D:4      | Noticed Blork the orc
  2759 | D:4      | Killed Blork the orc
  2760 | D:4      | Reached XP level 7. HP: 20/66 MP: 6/6
  2790 | D:4      | Noticed Menkaure
  2794 | D:4      | Killed Menkaure
  2795 | D:4      | Reached skill level 5 in Throwing
  2825 | D:4      | Noticed Natasha
  2832 | D:4      | Killed Natasha
  2904 | D:4      | Found a corrupted altar of Lugonu.
  2904 | D:4      | Noticed Eustachio
  2916 | D:4      | Killed Eustachio
  3098 | D:5      | Entered Level 5 of the Dungeon
  3178 | D:5      | Noticed a hippogriff
  3188 | D:5      | Killed a hippogriff
  3189 | D:5      | Reached XP level 8. HP: 74/78 MP: 7/7
  4075 | D:6      | Noticed a hippogriff
  4084 | D:6      | Killed a hippogriff
  4125 | D:6      | Reached skill level 6 in Throwing
  4193 | D:6      | Found a shadowy altar of Dithmenos.
  4224 | D:6      | Reached skill level 5 in Maces & Flails
  4400 | D:6      | Noticed a hippogriff
  4401 | D:6      | Reached skill level 5 in Dodging
  4407 | D:6      | Killed a hippogriff
  4408 | D:6      | Reached XP level 9. HP: 73/87 MP: 8/8
  4570 | D:6      | Reached skill level 5 in Fighting
  4766 | D:6      | Found a bloodstained altar of Trog.
  4766 | D:6      | Found a shimmering altar of Xom.
  5052 | D:7      | Found a staircase to the Ecumenical Temple.
  5232 | D:7      | Found Qevod's Antique Weapon Shop.
  5275 | D:7      | Reached *** piety under Fedhas
  5553 | D:8      | Reached skill level 7 in Throwing
  5575 | D:8      | Found an iron altar of Okawaru.
  5707 | D:8      | Got a transparent rapier
  5794 | D:8      | Found a staircase to the Lair.
  5794 | D:8      | Noticed a komodo dragon
  5811 | D:8      | Killed a komodo dragon
  5868 | D:8      | Noticed a two-headed ogre
  5876 | D:8      | Noticed a two-headed ogre
  5877 | D:8      | Killed a two-headed ogre
  5878 | D:8      | Reached XP level 10. HP: 98/98 MP: 9/9
  5879 | D:8      | Killed a two-headed ogre
  5910 | D:8      | Found a hide-covered altar of Uskayaw.
  5942 | D:8      | Found a portal to a secret trove of treasure.
  5996 | D:8      | HP: 3/100 [troll (shapeshifter) (4)]
  5996 | D:8      | Mangled by a troll (shapeshifter)

Skill      XL: |  1  2  3  4  5  6  7  8  9 |
---------------+----------------------------+-----
Throwing       | 4 5 6 7 |  7.8
Maces & Flails | 1 2 3 4 5 6 |  6.1
Dodging        | 2 3 4 5 6 |  6.5
Fighting       | 2 3 4 6 |  6.3
Unarmed Combat | 1 2 3 4 |  4.7
Stealth        | |  0.5

Action                   |  1- 3 |  4- 6 |  7- 9 | 10-12 || total
-------------------------+-------+-------+-------+-------++-------
Melee: Unarmed           |    10 |       |       |       ||    10
       Club              |   217 |    36 |       |       ||   253
       Punch             |     1 |       |     1 |       ||     2
       Flail             |       |   168 |   173 |       ||   341
       Giant spiked club |       |       |       |     5 ||     5
Throw: Large rock        |       |    38 |    38 |     5 ||    81
Invok: Fungal Bloom      |     2 |     7 |     9 |     1 ||    19
       Evolution         |       |       |     4 |     1 ||     5
  Use: Potion            |       |     1 |       |       ||     1
       Scroll            |       |       |    15 |     4 ||    19
 Stab: Sleeping          |     1 |       |       |       ||     1
  Eat: Chunk             |    21 |    15 |    27 |       ||    63
       Ration            |       |       |     2 |       ||     2
Armor: Skin              |    93 |    89 |    69 |     1 ||   252
Dodge: Dodged            |   123 |   160 |   137 |     6 ||   426
